 Dungeon Crawl Stone Soup version 0.27-a0-808-g60bc5d92e6 (webtiles) character file.

Game seed: 17729989395079657669

438 HoaS the Magician (level 7, -3/45 HPs)
             Began as a Djinni Ice Elementalist on Mar 28, 2021.
             Slain by Grinder (5 damage)
             ... on level 3 of the Dungeon.
             The game lasted 00:10:40 (4328 turns).

HoaS the Magician (Djinni Ice Elementalist)         Turns: 4328, Time: 00:10:40

Health: -3/45      AC: 12    Str:  7    XL:     7   Next: 1%
Gold:   91         EV: 13    Int: 19    God:
                   SH:  0    Dex: 13

rFire    + + .     SeeInvis .   e - +0 whip (vamp)
rCold    x . .     Faith    .   (no shield)
rNeg     . . .     Spirit   .   a - +0 robe
rPois    ∞         Reflect  .   f - +1 hat
rElec    .         Harm     .   k - +1 cloak
rCorr    .         Rampage  .   (no gloves)
Will     .....                  (boots unavailable)
Stlth    ++........             (no amulet)
HPRegen  0.15/turn              (no ring)
MPRegen  0.00/turn              (no ring)

@: ice-armoured, frozen ramparts, flying, very slightly contaminated
A: fire resistance 2, cold vulnerability 1, float, innate caster, hp casting,
extra vitality 1
a: no special abilities


You were on level 3 of the Dungeon.
You visited 1 branch of the dungeon, and saw 3 of its levels.

You collected 91 gold pieces.

Inventory:

Hand Weapons
 e - a +0 vampiric whip (weapon)
Armour
 a - a +0 robe (worn)
 f - a +1 hat (worn)
 k - a +1 cloak (worn)
Wands
 b - a wand of polymorph (13)
 j - a wand of digging (6)
 l - a wand of iceblast (8)
Potions
 c - 2 potions of curing
 d - a potion of attraction {unknown}
 g - a potion of haste {unknown}
 h - a potion of magic {unknown}
 i - 2 potions of degeneration {unknown}


   Skills:
 + Level 4.8 Dodging
 - Level 1.5 Stealth
 * Level 6.0 Spellcasting


You couldn't memorise any spells.
You knew the following spells:

 Your Spells              Type           Power      Damage    Failure   Level
a - Freeze                Ice            100%       1d11      1%          1
b - Frozen Ramparts       Ice            56%        1d7       2%          3
c - Ozocubu's Armour      Ice            28%        N/A       2%          3
d - Hailstorm             Conj/Ice       28%        3d8       9%          4
e - Summon Ice Beast      Ice/Summ       28%        N/A       9%          4
f - Summon Small Mammal   Summ           100%       N/A       1%          1
g - Passwall              Tmut/Erth      23%        N/A       1%          2
h - Spider Form           Tmut/Pois      14%        N/A       2%          3
Your spell library was empty.

Dungeon Overview and Level Annotations

Branches:
Dungeon (3/15)

Altars:

Annotations:
D:3 Grinder


Innate Abilities, Weirdness & Mutations

You are immune to poison.
Your flesh is very heat resistant. (rF++)
You are vulnerable to cold. (rC-)
You float through the air rather than walking.
You learn spells naturally, not from books.
Your magical power is your life essence.
You have superior vitality. (+4 HP)


Message History

Grinder is lightly wounded.
The wall freezes the orc.
You kill the orc!
Grinder resists.
The wall freezes Grinder.
Grinder hits you.
You writhe in agony.
The wall freezes the orc.
You kill the orc!
You freeze Grinder.
Grinder resists.
Grinder is lightly wounded.
Grinder completely resists.
The wall freezes Grinder but does no damage.
Grinder misses you.
You freeze Grinder.
Grinder resists.
Grinder is lightly wounded.
Grinder resists.
The wall freezes Grinder.
Grinder gestures at you. You resist with some effort.
The wall freezes the orc!
You kill the orc!
You miscast Freeze.
You are very lightly contaminated with residual magic.
Nothing appears to happen.
Grinder resists.
The wall freezes Grinder.
Grinder barely misses you.
The wall freezes the hound.
You freeze Grinder but do no damage.
Grinder completely resists.
The wall freezes the hound.
Grinder resists.
The wall freezes Grinder.
Grinder barely misses you.
You freeze Grinder but do no damage.
Grinder completely resists.
The frozen ramparts melt away.
Grinder hits you.
You writhe in agony.
You are too injured to fight recklessly!
Casting: Freeze (safe; 1% risk of failure)
Confirm with . or Enter, or press ? or * to list all spells.
Casting: Frozen Ramparts (dangerous; 2% risk of failure)
Press: ? - help, Dir - look around, f - activate The walls around you are covered in ice.
* * * LOW HITPOINT WARNING * * *
The wall freezes the orc priest.
The wall freezes the hound.
Grinder completely resists.
The wall freezes Grinder but does no damage.
Grinder hits you!
* * * LOW HITPOINT WARNING * * *
You writhe in agony.
You die...

### *****
#.########,,,******
#r@5ho....,,,*,,,,,
######
#.#######.,,,**,***
.....# #.#
**,,,,*,* ####.#
#.#######,,_,,*,*
#...######
#.......#,*∩***,*
#.#......#
####..###**** *,*
#.#......# #..####
*,*** ##+#......#
#.....# *,,,,
......)...#
#.###.###*****,,


You could see Grinder (ally target), a hound, an orc priest and a friendly
quokka (summoned).

Vanquished Creatures
  Sigmund (D:2)
  A gnoll sergeant (D:3)
  A hound (D:1)
  Crazy Yiuf (D:2)
  Jessica (D:3)
  Ijyb (D:3)
  Terence (D:1)
  4 gnolls (D:3)
  An adder (D:3)
  2 worms
  A dart slug (D:1)
  3 orcs (D:3)
  4 ball pythons
  3 bats
  5 endoplasms
  2 giant cockroaches
  5 goblins
  3 hobgoblins
  7 jackals
  2 frilled lizards
  3 kobolds
  9 rats
61 creatures vanquished.

Notes
Turn   | Place    | Note
-------+----------+-------------------------------------------
     0 | D:1      | HoaS the Djinni Ice Elementalist began the quest for the
                  | Orb.
     0 | D:1      | Reached XP level 1. HP: 15/15 MP: 0/0
   283 | D:1      | Reached XP level 2. HP: 16/21 MP: 0/0
   522 | D:1      | Reached skill level 4 in Spellcasting
  1433 | D:2      | Reached XP level 3. HP: 22/25 MP: 0/0
  1433 | D:2      | Learned a level 1 spell: Summon Small Mammal
  1574 | D:2      | Noticed Sigmund
  1686 | D:2      | Found a runed translucent door.
  1687 | D:2      | Noticed Crazy Yiuf
  2230 | D:2      | Noticed Terence
  2242 | D:1      | Reached XP level 4. HP: 13/31 MP: 0/0
  2436 | D:1      | Killed Terence
  2825 | D:2      | HP: 1/31 [something (10)]
  3137 | D:2      | Killed Sigmund
  3138 | D:2      | Reached skill level 5 in Spellcasting
  3138 | D:2      | Reached XP level 5. HP: 17/35 MP: 0/0
  3138 | D:2      | Learned a level 2 spell: Passwall
  3138 | D:2      | Reached XP level 6. HP: 20/40 MP: 0/0
  3338 | D:2      | Killed Crazy Yiuf
  3574 | D:3      | Noticed Jessica
  3711 | D:3      | Killed Jessica
  3869 | D:3      | Noticed Ijyb
  3876 | D:3      | Killed Ijyb
  3877 | D:3      | Reached skill level 6 in Spellcasting
  4206 | D:3      | Reached XP level 7. HP: 32/45 MP: 0/0
  4206 | D:3      | Learned a level 3 spell: Spider Form
  4313 | D:3      | Noticed Grinder
  4328 | D:3      | HP: 2/45 [Grinder (10)]
  4328 | D:3      | Slain by Grinder

Illustrated notes

Levels and vault maps discovered:
D:1:      psy_arrival_radial01, layout_basic, minmay_unequal
D:2:      layout_rooms, serial_rivers, chequers_serial_rivers_micro_b,
          chequers_serial_rivers_micro_c, chequers_serial_rivers_marsh,
          chequers_serial_rivers_room_b, chequers_serial_rivers_room_b,
          minmay_close_crescents, uniq_terence, uniq_crazy_yiuf_cottage,
          uniq_sigmund
D:3:      layout_basic, makhleb_heckhound_becter, uniq_ijyb, uniq_grinder,
          uniq_jessica

Skill      XL: |  1  2  3  4  5  6 |
---------------+-------------------+-----
Spellcasting   | 4 5 6 |  6.0
Dodging        | 3 4 |  4.8
Stealth        | |  1.5

Action                   |  1- 3 |  4- 6 |  7- 9 || total
-------------------------+-------+-------+-------++-------
Melee: Short sword       |     1 |       |       ||     1
       Whip              |       |     8 |       ||     8
 Cast: Freeze            |    57 |    43 |     6 ||   106
       Summon Small Mamm |       |    12 |     1 ||    13
       Frozen Ramparts   |       |     3 |     2 ||     5
       Ozocubu's Armour  |       |     2 |     1 ||     3
  Use: Scroll            |     5 |     5 |       ||    10
       Potion            |       |     2 |       ||     2
 Stab: Sleeping          |     1 |     1 |       ||     2
Armor: Robe              |     7 |    14 |     1 ||    22
Dodge: Dodged            |    21 |    43 |     3 ||    67

Table legend: (Time is in decaauts)
 A = Elapsed time spent in this place.
 B = Non-inter-level travel time spent in this place.
 C = Inter-level travel time spent in this place.
 D = Time resting spent in this place.
 E = Time spent auto-exploring this place.
 F = Levels seen in this place.
 G = Mean time per level.
                   A        B        C        D        E       F      G
               +--------+--------+--------+--------+--------+-----+--------+
         Total |   4335 |   4158 |    177 |   2185 |   1407 |   3 | 1445.0 |
       Dungeon |   4335 |   4158 |    177 |   2185 |   1407 |   3 | 1445.0 |
               +--------+--------+--------+--------+--------+-----+--------+

Top non-repeatable levels by time:
     D:1: 2145 daAuts
     D:2: 1371 daAuts
     D:3: 818 daAuts
